 Dungeon Crawl Stone Soup version 0.28-a0-544-g207b005307 (webtiles) character file.

Game seed: 16052388430375249057

914 MirrMurr the Ducker (level 7, -6/33 HPs)
             Began as a Felid Berserker on Sept 28, 2021.
             Was a Priest of Trog.
             Killed from afar by a steam dragon (24 damage)
             ... with a ball of steam
             ... on level 6 of the Dungeon.
             The game lasted 00:11:53 (7184 turns).

MirrMurr the Ducker (Felid Berserker)               Turns: 7184, Time: 00:11:54

Health: -6/33      AC:  2    Str: 13    XL:     7   Next: 82%
Magic:  8/8        EV: 21    Int:  8    God:    Trog [***...]
Gold:   397        SH:  0    Dex: 18    Spells: 6/6 levels left
                                        Lives:  0   Deaths: 2

rFire   . . .      SeeInvis +     - Unarmed
rCold   . . .      Faith    .   (shield unavailable)
rNeg    . . .      Spirit   .   (armour unavailable)
rPois   .          Reflect  .   (helmet unavailable)
rElec   .          Harm     .   (cloak unavailable)
rCorr   .          Rampage  .   (gloves unavailable)
Will    +....                   (boots unavailable)
Stlth   +++.......              l - amulet of the acrobat
HPRegen 0.11/turn               (no ring)
MPRegen 0.11/turn               (no ring)

@: quick
A: very small, claws 1, fangs 3, see invisible, speed 1, shaggy fur 2, stealthy
paws, no weapons or thrown items, no armour, multi-lived
a: Renounce Religion, Berserk, Trog's Hand


You were on level 6 of the Dungeon.
You worshipped Trog.
Trog was most pleased with you.
You visited 1 branch of the dungeon, and saw 6 of its levels.
You also visited: Ossuary.

You collected 397 gold pieces.

Inventory:

Jewellery
 g - a +6 ring of intelligence
 l - an amulet of the acrobat (around neck)
Wands
 j - a wand of flame (18)
Scrolls
 d - 2 scrolls of teleportation {unknown}
 f - a scroll of vulnerability
 k - 2 scrolls of immolation {unknown}
 m - 2 scrolls of enchant armour {unknown}
 n - a scroll of identify
Potions
 a - a potion of lignification {unknown}
 b - 2 potions of heal wounds
 c - a potion of brilliance {unknown}
 e - 2 potions of flight
 h - 2 potions of berserk rage {unknown}
 i - 2 potions of curing


   Skills:
 + Level 5.3 Fighting
 + Level 7.1 Dodging
 + Level 6.1 Stealth
 * Level 7.1 Unarmed Combat
 * Level 5.8 Evocations


You had 6 spell levels left.
You didn't know any spells.
Your spell library was empty.

Dungeon Overview and Level Annotations

Branches:
Dungeon (6/15)            Ossuary (visited)
 Temple: D:4-7

Altars:
Dithmenos


Innate Abilities, Weirdness & Mutations

You have sharp claws.
You have razor-sharp teeth.
You have supernaturally acute eyesight. (SInv)
You cover ground quickly. (Speed+)
You are covered in thick fur. (AC +2)
Your paws help you pounce on unaware monsters.
You are incapable of wielding weapons or throwing items.
You cannot wear armour.
You gain extra lives every three experience levels.


Message History

Trog accepts your kill.
Your Unarmed Combat skill increases to level 7!
Key pressed, stopping explore.
No target in view!
HP restored.
You now have 397 gold pieces (gained 10).
Found a stone staircase leading down.
Blork the orc comes into view.
He is wielding a +0 morningstar.
Found a scroll labelled HIQIGUN BOUFIU.
Found 19 arrows.
A bullfrog comes into view.
You see here a scroll labelled HIQIGUN BOUFIU.
Found a spear.
You pounce on the unaware helpless Blork the orc!
You eviscerate Blork the orc!!!
You kill Blork the orc!
Trog accepts your kill.
Trog appreciates your killing of a magic user.
The bullfrog hits you.
Things that are here:
a +0 morningstar; a +0 robe You scratch the bullfrog.
The bullfrog is lightly wounded.
The bullfrog hits you! The bullfrog closely misses you.
The steam dragon hisses angrily.
You scratch the bullfrog.
The bullfrog is moderately wounded.
The bullfrog hits you.
You scratch the bullfrog but do no damage.
Your claw misses the bullfrog.
The bullfrog is moderately wounded.
The bullfrog completely misses you.
You closely miss the bullfrog.
The bullfrog is moderately wounded.
The bullfrog misses you.
A killer bee zombie comes into view.
The steam dragon breathes steam at you. The ball of steam hits you!!
Ouch! That really hurt!
You die...

##.....#
#......#
##......#
##..#....#
######..##....#
##...#...##....#
.....>..?......#
..............##
.......@......#
......F§......#
....(..§...#..#
....#
......§......##
....#
......§......#
....#
......D.......#
..(!
...........)..#
....
....Z.........#
...#


You could see a bullfrog and a killer bee zombie (wandering).

Vanquished Creatures
  A two-headed ogre (D:6)
  A steam dragon (D:5)
  A water moccasin (D:5)
  A black bear (D:5)
  Blork the orc (D:6)
  A bullfrog (D:6)
  2 scorpions (D:5)
  3 killer bees (D:4)
  A human zombie (Ossuary)
  A bullfrog zombie (D:5)
  2 hounds
  A centaur skeleton (D:4)
  2 orc priests (D:4)
  An iguana (D:4)
  An orc wizard (D:5)
  A hound skeleton (D:4)
  2 mummies (Ossuary)
  Robin (D:2)
  12 adders
  An ufetubus (D:3)
  A worm (D:2)
  10 orcs
  7 ball pythons
  4 bats
  9 endoplasms
  5 giant cockroaches
  4 gnoll zombies (Ossuary)
  10 goblins
  8 hobgoblins
  4 jackals (D:2)
  9 kobolds
  A quokka (D:3)
  A ball python skeleton (D:3)
  4 frilled lizards
  2 goblin zombies (Ossuary)
  4 hobgoblin zombies (Ossuary)
  3 orc zombies (Ossuary)
  4 rats
127 creatures vanquished.

Vanquished Creatures (others)
  30 plants (D:2)
30 creatures vanquished.

Grand Total: 157 creatures vanquished

Notes
Turn   | Place    | Note
-------+----------+-------------------------------------------
     0 | D:1      | MirrMurr the Felid Berserker began the quest for the Orb.
     0 | D:1      | Reached XP level 1. HP: 10/10 MP: 2/2
   690 | D:1      | Reached XP level 2. HP: 14/14 MP: 3/3
  1905 | D:2      | Found a faded altar of an unknown god.
  2015 | D:2      | Reached XP level 3. HP: 17/17 MP: 4/4
  2236 | D:2      | Noticed Robin
  2245 | D:2      | Reached skill level 1 in Stealth
  2248 | D:2      | Killed Robin
  2798 | D:2      | Reached XP level 4. HP: 21/21 MP: 5/5
  2954 | D:2      | Reached ** piety under Trog
  3929 | D:3      | Reached XP level 5. HP: 24/24 MP: 6/6
  4308 | D:3      | Reached skill level 5 in Dodging
  4668 | D:4      | Found a shadowy altar of Dithmenos.
  4870 | D:4      | Reached skill level 1 in Evocations
  4890 | D:4      | Found a sand-covered staircase.
  4898 | Ossuary  | Entered an ossuary
  4939 | Ossuary  | Gained mutation: You are covered in thick fur. (AC +2)
                  | [Felid growth]
  4939 | Ossuary  | Reached XP level 6. HP: 18/28 MP: 7/7
  5186 | Ossuary  | Reached *** piety under Trog
  5412 | D:5      | Entered Level 5 of the Dungeon
  5418 | D:4      | Killed from afar by an orc priest
  5419 | D:4      | Reached XP level 5. HP: 0/25 MP: 6/6
  5732 | D:4      | HP: 1/37 [orc priest (2)]
  5734 | D:4      | Reached skill level 5 in Unarmed Combat
  6204 | D:4      | Reached XP level 6. HP: 24/28 MP: 7/7
  6399 | D:5      | Noticed a steam dragon
  6410 | D:5      | Killed a steam dragon
  6411 | D:5      | Reached XP level 7. HP: 32/32 MP: 8/8
  6954 | D:5      | Reached skill level 5 in Stealth
  7054 | D:6      | Noticed a two-headed ogre
  7054 | D:6      | Noticed a steam dragon
  7060 | D:6      | Killed a two-headed ogre
  7061 | D:6      | Reached skill level 5 in Fighting
  7061 | D:6      | Reached skill level 5 in Evocations
  7061 | D:6      | Reached XP level 8. HP: 12/37 MP: 9/9
  7061 | D:6      | Killed from afar by a steam dragon
  7062 | D:6      | Reached XP level 7. HP: -6/49 MP: 8/8
  7172 | D:6      | Noticed Blork the orc
  7179 | D:6      | Killed Blork the orc
  7184 | D:6      | Killed from afar by a steam dragon

Illustrated notes

Levels and vault maps discovered:
D:1:      scummos_arrival_forest, layout_rooms, chequers_serial_rivers_large_a
D:2:      layout_basic, serial_bayou, serial_bayou_lagoon_a,
          serial_bayou_pond_e, serial_bayou_crossing, serial_bayou_lagoon_b,
          serial_bayou_pond_b, serial_bayou_ford_a,
          hellmonk_ecumenical_altar_leap_of_faith, minmay_misc_feat_enclosed,
          solitary_fountain, uniq_robin
D:3:      minmay_bubble_buster, layout_rooms, minmay_cupped
D:4:      minmay_angry_zag, layout_basic, grunt_dithmenos_smoke_and_mirrors,
          enter_ossuary_1
D:5:      layout_cave_pools, kennysheep_another_room
D:6:      layout_cave_pods, uniq_crazy_yiuf_cottage, uniq_blork_the_orc

Skill      XL: |  1  2  3  4  5  6  7 |
---------------+----------------------+-----
Stealth        | 1 2 3 4 6 |  6.1
Unarmed Combat | 4 5 7 |  7.1
Dodging        | 5 6 7 |  7.1
Evocations     | 2 3 5 |  5.8
Fighting       | 4 5 |  5.3

Action                   |  1- 3 |  4- 6 |  7- 9 || total
-------------------------+-------+-------+-------++-------
Melee: Unarmed           |    97 |   264 |    48 ||   409
       Bite              |     8 |    20 |     6 ||    34
       Punch             |     3 |     5 |     1 ||     9
Invok: Berserk           |     7 |     7 |     1 ||    15
       Trog's Hand       |       |     3 |       ||     3
  Use: Scroll            |     2 |     6 |       ||     8
       Potion            |       |     1 |       ||     1
 Stab: Sleeping          |     1 |     6 |     4 ||    11
       Distracted        |     1 |     1 |       ||     2
Armor: Skin              |     7 |     9 |       ||    16
Dodge: Dodged            |    81 |   245 |    38 ||   364

Table legend: (Time is in decaauts)
 A = Elapsed time spent in this place.
 B = Non-inter-level travel time spent in this place.
 C = Inter-level travel time spent in this place.
 D = Time resting spent in this place.
 E = Time spent auto-exploring this place.
 F = Levels seen in this place.
 G = Mean time per level.
                   A        B        C        D        E       F      G
               +--------+--------+--------+--------+--------+-----+--------+
         Total |   6660 |   6447 |    213 |   1585 |   3767 |   7 |  951.4 |
       Dungeon |   6177 |   5964 |    213 |   1266 |   3711 |   6 | 1029.5 |
       Ossuary |    483 |    483 |      0 |    319 |     56 |   1 |  483.0 |
               +--------+--------+--------+--------+--------+-----+--------+

Top non-repeatable levels by time:
     D:1: 2007 daAuts
     D:2: 1541 daAuts
     D:3: 1210 daAuts
     D:4: 749 daAuts
     D:5: 547 daAuts
 Ossuary: 483 daAuts
     D:6: 122 daAuts
